 Dungeon Crawl Stone Soup version 0.23.2-1-ga50397a (webtiles) character file.

Game seed: 1302361765751331905

81 Barbel the Firebug (level 4, 0/60 HPs)
             Began as an Octopode Fire Elementalist on June 1, 2019.
             Slain by a worm (1 damage)
             ... on level 3 of the Dungeon.
             The game lasted 00:04:40 (2109 turns).

Barbel the Firebug (Octopode Fire Elementalist)     Turns: 2109, Time: 00:04:40

Health: 0/60       AC: 22    Str: 13    XL:     4   Next: 40%
Magic:  7/7        EV:  2    Int: 20    God:
Gold:   59         SH:  0    Dex: 17    Spells: 6/7 levels left

rFire    . . .     SeeInvis .   (no weapon)
rCold    . . .     Gourm    .   (no shield)
rNeg     + + +     Faith    .   (helmet currently unavailable)
rPois    +         Spirit   .   (no amulet)
rElec    .         Reflect  .   i - +3 ring of intelligence
rCorr    .         Harm     .   (no ring)
MR       .....     NoTele   +   (no ring)
Stlth    ..........             (no ring)
HPRegen  0.20/turn              (no ring)
MPRegen  0.10/turn              (no ring)
                                (no ring)
                                (no ring)

@: agile, berserking (expiring), lethally poisoned (0 -> -1), tree-form,
drained, very quick
A: almost no armour, stealthy swim, (amphibious), 8 rings, (constrict 8)
a: no special abilities


You were on level 3 of the Dungeon.
You were not hungry.
You were a tree.
You visited 1 branch of the dungeon, and saw 3 of its levels.

You collected 59 gold pieces.

Inventory:

Missiles
 d - 7 tomahawks (quivered)
Jewellery
 i - a +3 ring of intelligence (left branch)
Wands
 c - a wand of digging (4)
Scrolls
 a - 5 scrolls of identify {unknown}
 f - a scroll of amnesia {unknown}
 g - a scroll of teleportation {unknown}
 h - a scroll of fear {unknown}
 j - a scroll of remove curse {unknown}
 l - a scroll of blinking {unknown}
 n - a scroll of magic mapping {unknown}
Comestibles
 b - 7 rations


   Skills:
 + Level 0.4(0.0) Fighting
 - Level 2.5(1.5) Dodging
 + Level 3.4(2.3) Stealth
 + Level 1.3(0.3) Unarmed Combat
 + Level 2.3(1.2) Spellcasting
 * Level 1.4(0.4) Conjurations
 + Level 3.5(2.4) Fire Magic


You had 6 spell levels left.
You knew the following spells:

 Your Spells              Type           Power        Failure   Level  Hunger
a - Flame Tongue          Conj/Fire      #....        10%         1    ##.....

Your spell library contained the following spells:

 Spells                   Type           Power        Failure   Level  Hunger
 Throw Flame              Conj/Fire      #.....       14%         2    ###....
 Conjure Flame            Conj/Fire      #.......     28%         3    ####...
 Inner Flame              Hex/Fire       #.......     30%         3    ####...
 Sticky Flame             Conj/Fire      #.......     67%         4    #####..
 Fireball                 Conj/Fire      #.........   95%         5    ######.


Dungeon Overview and Level Annotations

Branches:
Dungeon (3/15)

Altars:
Ashenzari
Okawaru
Xom

Annotations:
D:2 exclusion: 2 downstairs
D:3 Natasha


Innate Abilities, Weirdness & Mutations

You cannot wear most types of armour.
You are very stealthy in the water. (Stealth+)
((You are amphibious.))
You can wear up to eight rings at the same time.
((You can use your tentacles to constrict eight enemies at once.))
((Your skin changes colour to match your surroundings (Stealth+).))
((Your rubbery body absorbs attacks. (AC +1, EV +1)))


Message History

* * * LOW HITPOINT WARNING * * *
The adder bites you but does no damage. x2
A dart slug comes into view.
You miss the adder. The rat barely misses you. The adder barely misses you.
The adder bites you but does no damage.
You smack the adder!
The adder is heavily wounded.
The adder bites you but does no damage. The worm bites you but does no damage.
The rat barely misses you. The adder barely misses you.
You hit the adder.
The adder is almost dead.
* * * LOW HITPOINT WARNING * * *
You feel sick. The adder bites you but does no damage.
You hit the adder.
You kill the adder!
The adder bites you but does no damage. The rat bites you but does no damage.
You smack the adder!
You kill the adder!
The worm bites you.
You die...

....# #. ##S...##.
#.########........
#........w..h..#
#.. #.<....# #..
##<.##..# #..
#...## #
..#.#?†#####....#
#......♣w..w..#.
##.##.r#####....#
#.. #.#### #.. ...
##. ..... ##
###.### #.# #.#


You could see a worm, a dart slug and a rat.

Vanquished Creatures
  3 adders (D:3)
  A leopard gecko (D:1)
  A ball python (D:1)
  8 bats
  7 giant cockroaches
  8 goblins
  2 hobgoblins (D:2)
  2 quokkas (D:2)
  4 frilled lizards
  4 kobolds (D:2)
  11 rats
51 creatures vanquished.

Notes
Turn   | Place    | Note
-------+----------+-------------------------------------------
     0 | D:1      | Barbel the Octopode Fire Elementalist began the quest for
                  | the Orb.
     0 | D:1      | Reached XP level 1. HP: 11/11 MP: 3/3
   248 | D:1      | Reached XP level 2. HP: 17/17 MP: 5/5
   802 | D:2      | Reached XP level 3. HP: 21/21 MP: 6/6
  1298 | D:2      | Found a shimmering altar of Xom.
  1322 | D:2      | Found a shattered altar of Ashenzari.
  1804 | D:3      | Found an iron altar of Okawaru.
  2041 | D:3      | Noticed Terence
  2042 | D:3      | Noticed Natasha
  2101 | D:3      | Reached skill level 1 in Unarmed Combat
  2101 | D:3      | Reached XP level 4. HP: 5/27 MP: 7/7
  2103 | D:3      | HP: 2/40 [poisoned by an adder]
  2109 | D:3      | Slain by a worm

Skill      XL: |  1  2  3 |
---------------+----------+-----
Stealth        | 3 |  3.4
Unarmed Combat | 1 |  1.3
Fighting       | |  0.4
Dodging        | |  2.5
Spellcasting   | |  2.3
Conjurations   | |  1.4
Fire Magic     | |  3.5

Action                   |  1- 3 |  4- 6 || total
-------------------------+-------+-------++-------
Melee: Unarmed           |   150 |     5 ||   155
       Constrict         |    46 |       ||    46
       Tentacles         |    24 |       ||    24
 Cast: Flame Tongue      |     9 |       ||     9
  Use: Potion            |       |     3 ||     3
 Stab: Sleeping          |     5 |       ||     5
  Eat: Chunk             |     4 |       ||     4
Armor: Skin              |    37 |    12 ||    49
Dodge: Dodged            |   126 |     5 ||   131
